 Dungeon Crawl Stone Soup version 0.29-a0-506-ga2e7fffb44 (webtiles) character file.

Game seed: 401806633530949798

21 frimble the Vandal (level 3, -8/26 HPs)
             Began as a Formicid Hunter on May 29, 2022.
             Mangled by Sigmund
             ... wielding a +0 scythe
              (11 damage)
             ... on level 2 of the Dungeon.
             The game lasted 00:01:04 (1088 turns).

frimble the Vandal (Formicid Hunter)                Turns: 1088, Time: 00:01:04

Health: -8/26      AC:  3    Str: 15    XL:     3   Next: 5%
Magic:  3/3        EV: 12    Int:  8    God:
Gold:   58         SH:  0    Dex: 16    Spells: 2/2 levels left

rFire   . . .      SeeInvis +   a - +1 hunting sling
rCold   . . .      Faith    .   (no shield)
rNeg    . . .      Spirit   .   b - +0 leather armour
rPois   .          Reflect  .   (helmet unavailable)
rElec   .          Harm     .   (no cloak)
rCorr   .          Rampage  .   (no gloves)
Will    .....                   (no boots)
Stlth   ++........              (no amulet)
HPRegen 0.08/turn               (no ring)
MPRegen 0.08/turn               (no ring)

@: no status effects
A: permanent stasis, dig shafts and tunnels, antennae 3, four strong arms, frail
1, wild magic 1
a: Dig, Shaft Self


You were on level 2 of the Dungeon.
You visited 1 branch of the dungeon, and saw 2 of its levels.

You collected 58 gold pieces.

Inventory:

Hand Weapons
 a - a +1 hunting sling (weapon)
Armour
 b - a +0 leather armour (worn)
Jewellery
 h - a ring of positive energy
Scrolls
 c - 2 scrolls of immolation
 d - a scroll of amnesia {unknown}
 e - 2 scrolls of identify {unknown}
 f - a scroll of teleportation {unknown}
 j - a scroll of summoning {unknown}
 l - a scroll of enchant weapon {unknown}


   Skills:
 + Level 3.0 Fighting
 + Level 4.8 Slings
 - Level 1.7 Dodging
 - Level 1.2 Stealth


You had 2 spell levels left.
You didn't know any spells.
Your spell library was empty.

Dungeon Overview and Level Annotations

Branches:
Dungeon (2/15)

Altars:

Annotations:
D:2 Sigmund


Innate Abilities, Weirdness & Mutations

You cannot be hasted, slowed, berserked, paralysed or teleported.
You can dig through walls and to a lower floor.
You have a pair of large antennae on your head. (SInv)
Your four strong arms can wield two-handed weapons with a shield.
You are frail. (-10% HP)
Your spells are a little harder to cast, but a little more powerful.


Message History

Fire: a) +1 hunting sling
Press: ? - help, Q - select action, (/) - cycle Shift-Dir - straight line, f/p - Sigmund
Aim: Sigmund, wielding a +0 scythe and wearing a +0 robe (moderately wounded, 58% to hit)
You shoot a sling bullet.
The sling bullet closely misses Sigmund.
Sigmund casts a spell at you. You resist with some effort.
Fire: a) +1 hunting sling
Press: ? - help, Q - select action, (/) - cycle Shift-Dir - straight line, f/p - Sigmund
Aim: Sigmund, wielding a +0 scythe and wearing a +0 robe (moderately wounded, 58% to hit)
You shoot a sling bullet. The sling bullet hits Sigmund!
Sigmund is heavily wounded.
Sigmund hits you from afar with a +0 scythe.
* * * LOW HITPOINT WARNING * * *
It was a potion of brilliance.
You feel clever all of a sudden. Sigmund misses you.
It was a potion of mutation.
You feel extremely strange.
You feel stupid.
You feel frail.
You feel clever.
You feel less in control of your magic.
It was a potion of cancellation.
Your magical effects are unravelling.
You feel magically purged.
You feel a little less clever now.
Sigmund points at you and mumbles some strange words.
The magic dart hits you.
* * * LOW HITPOINT WARNING * * *
Fire: a) +1 hunting sling
Press: ? - help, Q - select action, (/) - cycle Shift-Dir - straight line, f/p - Sigmund
Aim: Sigmund, wielding a +0 scythe and wearing a +0 robe (heavily wounded, 58% to hit)
You shoot a sling bullet.
The sling bullet closely misses Sigmund.
Sigmund misses you.
You aren't carrying any potions.
Unknown command.
You aren't carrying any potions.
Sigmund mumbles some strange words.
Sigmund flickers and vanishes for a moment.
Sigmund hits you from afar with a +0 scythe!
You die...

.##########
.....@.@..#
#########.#
#.# #.# #.#
#.# #.# #.#
############.#


You could see Sigmund (invisible).

Vanquished Creatures
  A dart slug (D:1)
  4 bats (D:1)
  2 endoplasms
  2 goblins (D:1)
  2 hobgoblins (D:1)
  2 kobolds (D:1)
  A quokka (D:1)
  A ball python (D:1)
  2 frilled lizards (D:1)
  A rat (D:1)
18 creatures vanquished.

Notes
Turn   | Place    | Note
-------+----------+-------------------------------------------
     0 | D:1      | frimble the Formicid Hunter began the quest for the Orb.
     0 | D:1      | Reached XP level 1. HP: 16/16 MP: 1/1
   384 | D:1      | Reached XP level 2. HP: 23/23 MP: 2/2
   751 | D:1      | Reached XP level 3. HP: 29/29 MP: 3/3
  1074 | D:2      | Noticed Sigmund
  1084 | D:2      | Gained mutation: You are dopey. (Int -2) [potion of
                  | mutation]
  1084 | D:2      | Gained mutation: You are frail. (-10% HP) [potion of
                  | mutation]
  1084 | D:2      | Lost mutation: You are dopey. (Int -2) [potion of mutation]
  1084 | D:2      | Gained mutation: Your spells are a little harder to cast,
                  | but a little more powerful. [potion of mutation]
  1088 | D:2      | Mangled by Sigmund

Illustrated notes

Levels and vault maps discovered:
D:1:      psy_arrival_whirlpool, layout_loops_cross
D:2:      kennysheep_six_static_rooms, layout_loops_ring,
          hellmonk_ecumenical_altar_slurped_away, uniq_sigmund, uniq_robin

Skill      XL: |  1  2 |
---------------+-------+-----
Fighting       | 3 |  3.0
Slings         | |  4.8
Dodging        | |  1.7
Stealth        | |  1.2

Action                   || total
-------------------------++-------
 Fire: Hunting sling     ||    56
 Abil: Dig               ||     6
  Use: Potion            ||     3
Armor: Leather armour    ||     4
Dodge: Dodged            ||    19

Table legend: (Time is in decaauts)
 A = Elapsed time spent in this place.
 B = Non-inter-level travel time spent in this place.
 C = Inter-level travel time spent in this place.
 D = Time resting spent in this place.
 E = Time spent auto-exploring this place.
 F = Levels seen in this place.
 G = Mean time per level.
                   A        B        C        D        E       F      G
               +--------+--------+--------+--------+--------+-----+--------+
         Total |   1105 |   1077 |     28 |      0 |    949 |   2 |  552.5 |
       Dungeon |   1105 |   1077 |     28 |      0 |    949 |   2 |  552.5 |
               +--------+--------+--------+--------+--------+-----+--------+

Top non-repeatable levels by time:
     D:1: 935 daAuts
     D:2: 170 daAuts
